| TOP OF THE 1ST |
|
State College Spikes batting - Pitching for Salem-Keizer Volcanoes : RHP Allen Vesey
|
|
Pitching: RHP Allen Vesey
|
|
|
Batting: RHB Ben Politi
|
0-0: Bunted foul 0-1: Ball 1-1: Foul Ball, location: 2F 1-2: Ground out 5-3 (Groundball, 56, EV 83.8 MPH)
|
|
Batting: RHB Juan Carrillo
|
0-0: Foul Ball, location: 2F 0-1: Ground out 6-3 (Groundball, 6, EV 83.8 MPH)
|
|
Batting: RHB Nelson Salamanca
|
0-0: Foul Ball, location: 2F 0-1: Called Strike 0-2: Strikes out swinging
|
| Top of the 1st over - 0 runs, 0 hits, 0 errors, 0 left on base; State College 0 - Salem-Keizer 0 |
| BOTTOM OF THE 1ST |
|
Salem-Keizer Volcanoes batting - Pitching for State College Spikes : RHP Mario Machado
|
|
Pitching: RHP Mario Machado
|
|
|
Batting: LHB Joe Hoover
|
0-0: Ball 1-0: Foul Ball, location: 2F 1-1: Reached on error, E3 (Groundball, 3, EV 85.0 MPH)
|
|
Batting: LHB Adrian Navarro
|
0-0: Foul Ball, location: 2F 0-1: Ball Joe Hoover steals 2nd, throwing error, E2 Joe Hoover to third 1-1: Called Strike 1-2: Ball 2-2: Foul Ball, location: 2F 2-2: Foul Ball, location: 2F 2-2: Ball 3-2: Foul Ball, location: 2F 3-2: 2-RUN HOME RUN (Flyball, 9D, EV 93.8 MPH), Distance : 371 ft
|
|
Batting: LHB Ben Radach
|
0-0: Called Strike 0-1: SINGLE (Groundball, 56D, EV 100.0 MPH)
|
|
Batting: LHB Tom Reynolds
|
0-0: Ball 1-0: Ball 2-0: Called Strike 2-1: Ball 3-1: Called Strike 3-2: Foul Ball, location: 2F 3-2: Base on Balls Ben Radach to second
|
|
Batting: LHB Chris Raymond
|
0-0: Ball 1-0: Foul Ball, location: 2F 1-1: Swinging Strike 1-2: Ball 2-2: Ball 3-2: Strikes out swinging
|
|
Batting: LHB Mike Sammons
|
0-0: Ball 1-0: Foul Ball, location: 2F 1-1: Swinging Strike 1-2: Foul Ball, location: 2F 1-2: Ball 2-2: Strikes out looking
|
|
Batting: RHB Matt Fabre
|
0-0: Called Strike 0-1: Swinging Strike 0-2: Foul Ball, location: 2F 0-2: Strikes out looking
|
| Bottom of the 1st over - 2 runs, 2 hits, 2 errors, 2 left on base; State College 0 - Salem-Keizer 2 |
| TOP OF THE 2ND |
|
State College Spikes batting - Pitching for Salem-Keizer Volcanoes : RHP Allen Vesey
|
|
Batting: LHB Ignacio Ocampo
|
0-0: Ball 1-0: Foul Ball, location: 2F 1-1: Fly out, F7 (Flyball, 7, EV 94.4 MPH)
|
|
Batting: RHB Shou-feng Chang
|
0-0: Called Strike 0-1: Ground out 5-3 (Groundball, 56S, EV 83.8 MPH)
|
|
Batting: SHB Bobby Mercado
|
0-0: Ball 1-0: Swinging Strike 1-1: Ball 2-1: Ball 3-1: Foul Ball, location: 2F 3-2: Foul Ball, location: 2F 3-2: Strikes out swinging
|
| Top of the 2nd over - 0 runs, 0 hits, 0 errors, 0 left on base; State College 0 - Salem-Keizer 2 |
| BOTTOM OF THE 2ND |
|
Salem-Keizer Volcanoes batting - Pitching for State College Spikes : RHP Mario Machado
|
|
Batting: LHB John Luke
|
0-0: Ball 1-0: SINGLE (Groundball, 6MD, EV 83.1 MPH) (infield hit)
|
|
Batting: SHB Curtis Thompson
|
0-0: Called Strike 0-1: Called Strike John Luke steals 2nd base 0-2: Ball 1-2: Strikes out swinging
|
|
Batting: LHB Joe Hoover
|
0-0: Ball 1-0: Foul Ball, location: 2F 1-1: DOUBLE (Groundball, 3L, EV 106.2 MPH) John Luke scores
|
|
Pinch Runner at 2nd Houston Brock:
|
|
|
Batting: LHB Adrian Navarro
|
0-0: Called Strike 0-1: Foul Ball, location: 2F 0-2: Ball 1-2: Ball 2-2: Strikes out looking
|
|
Batting: LHB Ben Radach
|
0-0: Ball 1-0: Called Strike Houston Brock steals 3rd base 1-1: Ball 2-1: Ground out 4-3 (Groundball, 4D, EV 102.5 MPH)
|
| Bottom of the 2nd over - 1 run, 2 hits, 0 errors, 1 left on base; State College 0 - Salem-Keizer 3 |
| TOP OF THE 3RD |
|
State College Spikes batting - Pitching for Salem-Keizer Volcanoes : RHP Allen Vesey
|
|
Now in CF: Houston Brock
|
|
|
Batting: LHB Ken Morehead
|
0-0: Ball 1-0: Foul Ball, location: 2F 1-1: Foul Ball, location: 2F 1-2: Foul Ball, location: 2F 1-2: Strikes out looking
|
|
Batting: LHB Mike East
|
0-0: Called Strike 0-1: Ball 1-1: Swinging Strike 1-2: Ground out 4-3 (Groundball, 4, EV 101.2 MPH)
|
|
Batting: RHB Nick Latulippe
|
0-0: SINGLE (Groundball, 4MD, EV 103.8 MPH)
|
|
Batting: RHB Ben Politi
|
0-0: Called Strike 0-1: Called Strike 0-2: Ball 1-2: Foul Ball, location: 2F 1-2: Foul Ball, location: 2F 1-2: Ball 2-2: Ground out 6-3 (Groundball, 6S, EV 86.9 MPH)
|
| Top of the 3rd over - 0 runs, 1 hit, 0 errors, 1 left on base; State College 0 - Salem-Keizer 3 |
| BOTTOM OF THE 3RD |
|
Salem-Keizer Volcanoes batting - Pitching for State College Spikes : RHP Mario Machado
|
|
Batting: LHB Tom Reynolds
|
0-0: Swinging Strike 0-1: Reached on error, E3 (Groundball, 3L, EV 104.4 MPH)
|
|
Batting: LHB Chris Raymond
|
0-0: Called Strike 0-1: Ball 1-1: Ball 2-1: Swinging Strike 2-2: Strikes out swinging
|
|
Batting: LHB Mike Sammons
|
0-0: Ball 1-0: Ball 2-0: Foul Ball, location: 2F 2-1: Ball 3-1: Base on Balls Tom Reynolds to second
|
|
Batting: RHB Matt Fabre
|
0-0: Ball 1-0: Ball 2-0: Ball 3-0: Called Strike 3-1: Called Strike 3-2: Base on Balls Tom Reynolds to third Mike Sammons to second
|
|
Batting: LHB John Luke
|
0-0: Ball 1-0: Foul Ball, location: 2F 1-1: Fielders Choice at 2nd, 6-4 (Groundball, 6, EV 83.8 MPH) Tom Reynolds scores Mike Sammons to third
|
|
Batting: SHB Curtis Thompson
|
0-0: Ball 1-0: Ball 2-0: Ball 3-0: Base on Balls John Luke to second
|
|
Pitching: LHP Eddie San Miguel
|
|
|
Batting: RHB Houston Brock
|
0-0: Ball 1-0: Ball 2-0: Ball 3-0: Called Strike 3-1: Fielders Choice at 2nd, 6-4 (Groundball, 6D, EV 84.4 MPH)
|
| Bottom of the 3rd over - 1 run, 0 hits, 1 error, 3 left on base; State College 0 - Salem-Keizer 4 |
| TOP OF THE 4TH |
|
State College Spikes batting - Pitching for Salem-Keizer Volcanoes : RHP Allen Vesey
|
|
Batting: RHB Juan Carrillo
|
0-0: Ball 1-0: Fly out, F8 (Flyball, 8RD, EV 90.6 MPH)
|
|
Batting: RHB Nelson Salamanca
|
0-0: Ball 1-0: Fly out, F8 (Line Drive, 8LS, EV 98.1 MPH)
|
|
Batting: LHB Ignacio Ocampo
|
0-0: Ball 1-0: Called Strike 1-1: SINGLE (Line Drive, 6M, EV 95.6 MPH)
|
|
Batting: RHB Shou-feng Chang
|
0-0: Ball 1-0: Called Strike Ignacio Ocampo is caught stealing 2nd base 2-4
|
| Top of the 4th over - 0 runs, 1 hit, 0 errors, 0 left on base; State College 0 - Salem-Keizer 4 |
| BOTTOM OF THE 4TH |
|
Salem-Keizer Volcanoes batting - Pitching for State College Spikes : LHP Eddie San Miguel
|
|
Batting: LHB Adrian Navarro
|
0-0: Called Strike 0-1: DOUBLE (Flyball, 89XD, EV 112.5 MPH)
|
|
Batting: LHB Ben Radach
|
0-0: Called Strike 0-1: Ball 1-1: Called Strike 1-2: Strikes out looking
|
|
Batting: LHB Tom Reynolds
|
0-0: Foul Ball, location: 2F 0-1: Ball 1-1: Ball 2-1: Foul Ball, location: 2F 2-2: Ball 3-2: Base on Balls
|
|
Batting: LHB Chris Raymond
|
0-0: Called Strike 0-1: Ball 1-1: Called Strike 1-2: Fly out, F8 (Flyball, 8LXD, EV 96.2 MPH)
|
|
Batting: LHB Mike Sammons
|
0-0: Called Strike 0-1: Ball 1-1: Ball 2-1: Fly out, F7 (Flyball, 78M, EV 95.0 MPH)
|
| Bottom of the 4th over - 0 runs, 1 hit, 0 errors, 2 left on base; State College 0 - Salem-Keizer 4 |
| TOP OF THE 5TH |
|
State College Spikes batting - Pitching for Salem-Keizer Volcanoes : RHP Allen Vesey
|
|
Batting: RHB Shou-feng Chang
|
0-0: DOUBLE (Flyball, 8LXD, EV 102.5 MPH)
|
|
Batting: SHB Bobby Mercado
|
0-0: Foul Ball, location: 2F 0-1: Called Strike 0-2: Strikes out swinging
|
|
Batting: LHB Ken Morehead
|
0-0: Called Strike 0-1: Swinging Strike 0-2: Ball 1-2: Strikes out swinging
|
|
Batting: LHB Mike East
|
0-0: Called Strike 0-1: Ball 1-1: Ball 2-1: Foul Ball, location: 2F 2-2: Strikes out swinging
|
| Top of the 5th over - 0 runs, 1 hit, 0 errors, 1 left on base; State College 0 - Salem-Keizer 4 |
| BOTTOM OF THE 5TH |
|
Salem-Keizer Volcanoes batting - Pitching for State College Spikes : LHP Eddie San Miguel
|
|
Batting: RHB Matt Fabre
|
0-0: Called Strike 0-1: Called Strike 0-2: Ball 1-2: Strikes out swinging
|
|
Batting: LHB John Luke
|
0-0: Called Strike 0-1: Ball 1-1: Called Strike 1-2: Ball 2-2: Ground out 4-3 (Groundball, 4, EV 106.2 MPH)
|
|
Batting: SHB Curtis Thompson
|
0-0: Called Strike 0-1: Swinging Strike 0-2: Ball 1-2: Ball 2-2: Ball 3-2: Strikes out looking
|
| Bottom of the 5th over - 0 runs, 0 hits, 0 errors, 0 left on base; State College 0 - Salem-Keizer 4 |
| TOP OF THE 6TH |
|
State College Spikes batting - Pitching for Salem-Keizer Volcanoes : RHP Allen Vesey
|
|
Batting: RHB Nick Latulippe
|
0-0: Ball 1-0: Fly out, F2 (Popup, 2RF, EV 96.2 MPH)
|
|
Batting: RHB Ben Politi
|
0-0: Called Strike 0-1: Ground out 4-3 (Groundball, 4, EV 86.2 MPH)
|
|
Batting: RHB Juan Carrillo
|
0-0: Ball 1-0: Called Strike 1-1: Foul Ball, location: 2F 1-2: Reached on error, E6 (Groundball, 6, EV 90.6 MPH)
|
|
Batting: RHB Nelson Salamanca
|
0-0: Called Strike 0-1: Ball Juan Carrillo is caught stealing 2nd base 2-4
|
| Top of the 6th over - 0 runs, 0 hits, 1 error, 0 left on base; State College 0 - Salem-Keizer 4 |
| BOTTOM OF THE 6TH |
|
Salem-Keizer Volcanoes batting - Pitching for State College Spikes : LHP Eddie San Miguel
|
|
Batting: RHB Houston Brock
|
0-0: Fly out, F8 (Flyball, 8RD, EV 95.6 MPH)
|
|
Batting: LHB Adrian Navarro
|
0-0: Ball 1-0: Foul Ball, location: 2F 1-1: Ball 2-1: Ball 3-1: Base on Balls
|
|
Batting: LHB Ben Radach
|
0-0: Ball 1-0: Ball 2-0: Grounds into double play, 1-6-3 (Groundball, 34S, EV 73.1 MPH)
|
| Bottom of the 6th over - 0 runs, 0 hits, 0 errors, 0 left on base; State College 0 - Salem-Keizer 4 |
| TOP OF THE 7TH |
|
State College Spikes batting - Pitching for Salem-Keizer Volcanoes : RHP Allen Vesey
|
|
Now at 1B: J.R. Roberts
|
|
|
Now in LF: Mario Mendoza
|
|
|
Now in RF: Andy Cunningham
|
|
|
Batting: RHB Nelson Salamanca
|
0-0: Ball 1-0: SINGLE (Groundball, 56D, EV 95.6 MPH)
|
|
Batting: LHB Ignacio Ocampo
|
0-0: Called Strike 0-1: Ball 1-1: Foul Ball, location: 2F 1-2: Foul Ball, location: 2F 1-2: Foul Ball, location: 2F 1-2: Foul Ball, location: 2F 1-2: DOUBLE (Line Drive, 8RXD, EV 105.0 MPH) Nelson Salamanca to third
|
|
Batting: RHB Shou-feng Chang
|
0-0: Ball 1-0: Foul Ball, location: 2F 1-1: Called Strike 1-2: Fly out, F7 (Flyball, 7, EV 85.6 MPH)
|
|
Batting: SHB Bobby Mercado
|
0-0: Fly out, F3 (Popup, 3F, EV 77.5 MPH)
|
|
Batting: LHB Ken Morehead
|
0-0: Swinging Strike 0-1: Foul Ball, location: 2F 0-2: Ball 1-2: Foul Ball, location: 2F 1-2: Strikes out looking
|
| Top of the 7th over - 0 runs, 2 hits, 0 errors, 2 left on base; State College 0 - Salem-Keizer 4 |
| BOTTOM OF THE 7TH |
|
Salem-Keizer Volcanoes batting - Pitching for State College Spikes : LHP Eddie San Miguel
|
|
Batting: LHB Tom Reynolds
|
0-0: Foul Ball, location: 2F 0-1: Ball 1-1: Foul Ball, location: 2F 1-2: DOUBLE (Groundball, 3L, EV 102.5 MPH)
|
|
Batting: LHB Chris Raymond
|
0-0: Called Strike 0-1: Ground out 5-3 (Groundball, 56S, EV 94.4 MPH)
|
|
Batting: LHB Mike Sammons
|
0-0: Ground out 5-3 (Groundball, 56, EV 85.6 MPH)
|
|
Batting: RHB Matt Fabre
|
0-0: Called Strike 0-1: Foul Ball, location: 2F 0-2: Strikes out looking
|
| Bottom of the 7th over - 0 runs, 1 hit, 0 errors, 1 left on base; State College 0 - Salem-Keizer 4 |
| TOP OF THE 8TH |
|
State College Spikes batting - Pitching for Salem-Keizer Volcanoes : RHP Allen Vesey
|
|
Pitching: RHP Loeck Bakker
|
|
|
Now at SS: Jim Begger
|
|
|
Batting: LHB Mike East
|
0-0: Foul Ball, location: 2F 0-1: Swinging Strike 0-2: Ball 1-2: Fly out, F9 (Line Drive, 9, EV 98.1 MPH)
|
|
Batting: RHB Nick Latulippe
|
0-0: Called Strike 0-1: Foul Ball, location: 2F 0-2: Strikes out swinging
|
|
Batting: RHB Ben Politi
|
0-0: Called Strike 0-1: Ball 1-1: Foul Ball, location: 2F 1-2: Fly out, F8 (Flyball, 8RM, EV 81.9 MPH)
|
| Top of the 8th over - 0 runs, 0 hits, 0 errors, 0 left on base; State College 0 - Salem-Keizer 4 |
| BOTTOM OF THE 8TH |
|
Salem-Keizer Volcanoes batting - Pitching for State College Spikes : LHP Eddie San Miguel
|
|
Batting: RHB Mario Mendoza
|
0-0: Ball 1-0: Foul Ball, location: 2F 1-1: Foul Ball, location: 2F 1-2: Ground out 6-3 (Groundball, 6, EV 110.6 MPH)
|
|
Batting: SHB Curtis Thompson
|
0-0: Ball 1-0: Foul Ball, location: 2F 1-1: Ball 2-1: Foul Ball, location: 2F 2-2: Ball 3-2: Ground out 6-3 (Groundball, 6, EV 83.8 MPH)
|
|
Batting: RHB Houston Brock
|
0-0: Called Strike 0-1: Ball 1-1: Ball 2-1: Ball 3-1: Foul Ball, location: 2F 3-2: Base on Balls
|
|
Pitching: LHP Bob Hale
|
|
|
Batting: RHB Andy Cunningham
|
0-0: Ball 1-0: Ball Houston Brock is caught stealing 2nd base 2-4
|
| Bottom of the 8th over - 0 runs, 0 hits, 0 errors, 0 left on base; State College 0 - Salem-Keizer 4 |
| TOP OF THE 9TH |
|
State College Spikes batting - Pitching for Salem-Keizer Volcanoes : RHP Loeck Bakker
|
|
Batting: RHB Juan Carrillo
|
0-0: Ball 1-0: Ball 2-0: DOUBLE (Line Drive, 9LM, EV 95.6 MPH)
|
|
Batting: RHB Nelson Salamanca
|
0-0: Swinging Strike 0-1: Foul Ball, location: 2F 0-2: Ball 1-2: Ball 2-2: Strikes out swinging
|
|
Batting: LHB Ignacio Ocampo
|
0-0: Called Strike 0-1: Fly out, F9 (Flyball, 9S, EV 76.2 MPH)
|
|
Batting: RHB Shou-feng Chang
|
0-0: SINGLE (Line Drive, 89S, EV 105.0 MPH) Juan Carrillo to third
|
|
Pitching: RHP Kenjyu Watanabe
|
|
|
Batting: SHB Bobby Mercado
|
0-0: 3-RUN HOME RUN (Flyball, 9D, EV 99.4 MPH), Distance : 371 ft
|
|
Batting: LHB Ken Morehead
|
0-0: Foul Ball, location: 2F 0-1: Ball 1-1: SINGLE (Groundball, 4D, EV 97.5 MPH)
|
|
Batting: LHB Mike East
|
0-0: Called Strike 0-1: Foul Ball, location: 2F 0-2: Strikes out looking
|
| Top of the 9th over - 3 runs, 4 hits, 0 errors, 1 left on base; State College 3 - Salem-Keizer 4 |
|